 Dungeon Crawl Stone Soup version 0.29-a0-352-g0917bc69df (webtiles) character file.

Game seed: 1702459460612482379

12 spaghetti the Grave Robber (level 2, -3/20 HPs)
             Began as a Gnoll Wanderer on Apr 23, 2022.
             Slain by Terence
             ... wielding a +0 flail
              (9 damage)
             ... on level 2 of the Dungeon.
             The game lasted 00:01:45 (1235 turns).

spaghetti the Grave Robber (Gnoll Wanderer)         Turns: 1235, Time: 00:01:45

Health: -3/20      AC:  4    Str: 10    XL:     2   Next: 33%
Magic:  7/7        EV: 11    Int: 10    God:
Gold:   83         SH:  4    Dex: 11    Spells: 9/10 levels left

rFire   . . .      SeeInvis .   l - +1 mace (protect) {mace}
rCold   . . .      Faith    .   b - +0 buckler
rNeg    . . .      Spirit   .   d - +0 robe
rPois   .          Reflect  .   (no helmet)
rElec   .          Harm     .   (no cloak)
rCorr   .          Rampage  .   (no gloves)
Will    .....                   (no boots)
Stlth   ++........              (no amulet)
HPRegen 0.06/turn               (no ring)
MPRegen 0.10/turn               (no ring)

@: about to teleport
A: fangs 1, strong nose, distributed training, iridescent scales 1, dopey 1
a: no special abilities


You were on level 2 of the Dungeon.
You visited 1 branch of the dungeon, and saw 2 of its levels.

You collected 83 gold pieces.


Innate Abilities, Weirdness & Mutations

You have very sharp teeth.
Your uncanny sense of smell can sniff out nearby items.
Your experience applies equally to all skills.
You are partially covered in iridescent scales. (AC +2)
You are dopey. (Int -2)


   Skills:
 + Level 0.3 Fighting
 + Level 0.3 Short Blades
 + Level 0.3 Long Blades
 + Level 0.3 Axes
 + Level 0.3 Maces & Flails
 + Level 0.3 Polearms
 + Level 0.3 Staves
 + Level 0.3 Slings
 + Level 0.3 Bows
 + Level 0.3 Crossbows
 + Level 0.3 Throwing
 + Level 0.3 Armour
 + Level 0.3 Dodging
 + Level 2.2 Stealth
 + Level 2.4 Shields
 + Level 0.3 Unarmed Combat
 + Level 4.9 Spellcasting
 + Level 0.2 Conjurations
 + Level 0.2 Hexes
 + Level 0.2 Summonings
 + Level 5.3 Necromancy
 + Level 0.2 Translocations
 + Level 0.2 Transmutations
 + Level 0.2 Fire Magic
 + Level 0.2 Ice Magic
 + Level 0.2 Air Magic
 + Level 0.2 Earth Magic
 + Level 0.2 Poison Magic
 + Level 2.5 Invocations
 + Level 4.4 Evocations


You had 9 spell levels left.
You knew the following spells:

 Your Spells              Type           Power      Damage    Failure   Level
a - Animate Skeleton      Necr           26%        N/A       3%          1

Your spell library contained the following spells:

 Spells                   Type           Power      Damage    Failure   Level
 Vampiric Draining        Necr           13%        2d6       10%         3

Inventory:

Hand Weapons
 a - a +0 dagger {short}
 l - a +1 mace of protection (weapon) {mace}
   (You found it on level 1 of the Dungeon)
Missiles
 g - 66 stones (quivered) {throwing}
 h - 4 curare-tipped darts {=fthrowing}
 j - 4 poisoned darts {throwing}
Armour
 b - a +0 buckler (worn)
 d - a +0 robe (worn)
Jewellery
 o - a ring of ice
   (You found it on level 1 of the Dungeon)
Wands
 e - a wand of polymorph (11)
Scrolls
 m - a scroll of enchant armour
Potions
 c - a potion of curing {@q1}

Dungeon Overview and Level Annotations

Branches:
Dungeon (2/15)

Altars:

Shops:
D:1 !

Annotations:
D:2 Terence

..........
.........)
.........
.........
#####......#
#<..'......#
#####......#
#......#
#@.....#
#@.<...#
#......#
#....###
#....#
###+## ∆


You could see Terence.


Message History

You closely miss the giant cockroach. You block the giant cockroach's attack.
The giant cockroach barely misses you.
You barely miss the giant cockroach.
The giant cockroach bites you but does no damage.
The giant cockroach barely misses you.
You barely miss the giant cockroach. Your bite misses the giant cockroach.
The giant cockroach closely misses you. The giant cockroach barely misses you.
You hit the giant cockroach but do no damage.
Your weapon exudes an aura of protection.
The giant cockroach barely misses you.
You sock the giant cockroach!
You kill the giant cockroach!
No target in view!
No target in view!
No target in view!
No target in view!
No target in view!
No target in view!
g - 66 stones {throwing} (gained 11)
A giant cockroach comes into view.
A giant cockroach is nearby!
A giant cockroach is nearby!
A giant cockroach is nearby!
The giant cockroach bites you.
The giant cockroach misses you. 😕 HP[-1]
You take 1 damage, and now have 19/20 hp.
You are too injured to fight recklessly!
You are too injured to fight recklessly!
You are too injured to fight recklessly!
You are too injured to fight recklessly!
You are too injured to fight recklessly!
You are too injured to fight recklessly!
You are too injured to fight recklessly!
You are too injured to fight recklessly!
You are too injured to fight recklessly!
A giant cockroach is nearby!
A giant cockroach is nearby!
A giant cockroach is nearby!
You sock the giant cockroach!
Your weapon exudes an aura of protection.
You kill the giant cockroach! 😎 HP[+1]
Your hp is fully restored (20).
Found a stone staircase leading down.
There is a stone staircase leading down here.
Key pressed, stopping explore.
There is a stone staircase leading down here.
Key pressed, stopping explore.
You see here a +0 spear {polearm}.
Done exploring.
(D) Dungeon
Where to? (? - help)
You see here a +0 leather armour.
There is a stone staircase leading down here.
You climb downwards.
There is a stone staircase leading up here.
Unknown command.
You open the door.
Terence the Incautious comes into view.
He is wielding a +0 flail.
Found a stone staircase leading up.
There is an open door here.
Terence shouts!
You barely miss Terence.
Terence hits you with a +0 flail. 😮 HP[-5]
You take 5 damage, and now have 15/20 hp.
MASSIVE DAMAGE!! (PAUSE)
You barely miss Terence.
Terence hits you with a +0 flail. 😮 HP[-3]
You take 3 damage, and now have 12/20 hp.
You hit Terence but do no damage.
Your weapon exudes an aura of protection.
Terence barely misses you. Terence hits you but does no damage.
You completely miss Terence. Terence barely misses you.
You hit Terence.
Your weapon exudes an aura of protection.
Your bite misses Terence. You block Terence's attack.
Terence hits you but does no damage.
You hit Terence but do no damage. Terence hits you with a +0 flail.
* * * LOW HITPOINT WARNING * * *
😨 HP[-6]
You take 6 damage, and now have 6/20 hp.
MASSIVE DAMAGE!! (PAUSE) It was a potion of mutation.
You feel extremely strange.
You feel stupid.
Iridescent scales grow over part of your body.
You block Terence's attack.
Okay, then.
As you read the scroll labelled DIFFEUS TOOCYS, it crumbles to dust.
It is a scroll of amnesia.
Really abort (and waste the scroll)?
Okay, then.
Terence closely misses you.
As you read the scroll labelled UWUORASOME, it crumbles to dust.
It is a scroll of identify.
m - a scroll of enchant armour Terence barely misses you.
As you read the scroll labelled IJUPHY VOHETAE, it crumbles to dust.
You feel strangely unstable.
It was a scroll of teleportation.
Terence hits you with a +0 flail!
You die...

Action                   || total
-------------------------++-------
Melee: Mace              ||    32
       Bite              ||     2
       Dagger            ||     1
Throw: Stone             ||     9
  Use: Scroll            ||     3
       Potion            ||     1
 Stab: Sleeping          ||     3
Armor: Robe              ||     9
Dodge: Dodged            ||    24
Block: Buckler           ||     4

Levels and vault maps discovered:
D:1:      dpeg_arrival_solitude, layout_loops_ring, serial_co_window_serial,
          co_window_paths_b, co_window_paths_a, co_window_paths_a,
          co_window_paths_b, co_window_corner_a, co_window_paths_b,
          co_window_unsneaky_path_e, co_window_broadway_c, co_window_broadway_c,
          co_window_of_opportunity_c, co_window_paths_c, glass_columns_b,
          glass_columns_a, serial_shops, shop
D:2:      layout_basic, uniq_terence, uniq_natasha

Notes
Turn   | Place    | Note
-------+----------+-------------------------------------------
     0 | D:1      | spaghetti the Gnoll Wanderer began the quest for the Orb.
     0 | D:1      | spaghetti set off with the following items: a +0 dagger
                  | {short}, a +0 buckler, a potion of curing {@q1}, a +0 robe,
                  | a wand of polymorph (11); and the following spell
                  | memorised: Animate Skeleton; and the following spells
                  | available to memorise: Vampiric Draining
     0 | D:1      | Reached XP level 1. HP: 13/13 MP: 6/6
     0 | D:1      | magus.rc [v1.9.6]
   509 | D:1      | Found Myevith's Distillery.
   648 | D:1      | Reached XP level 2. HP: 14/19 MP: 7/7
  1222 | D:2      | Noticed Terence
  1232 | D:2      | Gained mutation: You are dopey. (Int -2) [potion of
                  | mutation]
  1232 | D:2      | Gained mutation: You are partially covered in iridescent
                  | scales. (AC +2) [potion of mutation]
  1235 | D:2      | Slain by Terence

Vanquished Creatures
  4 giant cockroaches (D:1)
  2 goblins (D:1)
  A hobgoblin (D:1)
  2 frilled lizards (D:1)
  2 rats (D:1)
11 creatures vanquished.

Table legend:
 A = Non-vault XP
 B = Vault XP
 C = Vault XP percentage of total XP
 D = Non-vault monster count
 E = Vault monster count
 F = Vault count percentage of total count
                 A         B        C        D         E       F
            +---------+---------+-------+---------+---------+-------
      Total |      18 |       0 |   0.0 |      11 |       0 |   0.0
            +---------+---------+-------+---------+---------+-------
        D:1 |      18 |       0 |   0.0 |      11 |       0 |   0.0
            +---------+---------+-------+---------+---------+-------

Illustrated notes

Table legend:
 A = Kills in this place as a percentage of kills in entire the game.
 B = Kills by you in this place as a percentage of kills by you in the entire game.
 C = Kills by friends in this place as a percentage of kills by friends in the entire game.
 D = Other kills in this place as a percentage of other kills in the entire game.
 E = Experience gained in this place as a percentage of experience gained in the entire game.
 F = Experience gained in this place divided by the number of levels of this place that you have seen.
                   A       B       C       D       E      F
               +-------+-------+-------+-------+-------+----------------------
         Total | 100.0 | 100.0 |   N/A |   N/A | 100.0 |   9.0
       Dungeon | 100.0 | 100.0 |   N/A |   N/A | 100.0 |   9.0
               +-------+-------+-------+-------+-------+----------------------

Table legend: (Time is in decaauts)
 A = Elapsed time spent in this place.
 B = Non-inter-level travel time spent in this place.
 C = Inter-level travel time spent in this place.
 D = Time resting spent in this place.
 E = Time spent auto-exploring this place.
 F = Levels seen in this place.
 G = Mean time per level.
                   A        B        C        D        E       F      G
               +--------+--------+--------+--------+--------+-----+--------+
         Total |   1249 |   1190 |     59 |     68 |    968 |   2 |  624.5 |
       Dungeon |   1249 |   1190 |     59 |     68 |    968 |   2 |  624.5 |
               +--------+--------+--------+--------+--------+-----+--------+

Top non-repeatable levels by time:
     D:1: 1229 daAuts
     D:2: 19 daAuts
